Map: Prion Terraces

Players

lesha

  • Race: Terran Terran
  • League: Gold

PGmester - Winner!

  • Race: Zerg Zerg
  • League: Gold

VOD

Have the link to the VOD?

Description

Time

  • Played on: Jan. 13, 2016, 10:18 a.m.
  • Length: 16:49
Show
View Real Time Build Order
Export as new Build Order

lesha Terran 

Build Orders: Reaper Expand 

Get SALT Encoding   

  12  0:01  SCV  
  13  0:13  SCV  
  14  0:18  Supply Depot  
  14  0:26  SCV  
  15  0:39  SCV  
  15  0:40  Barracks  
  16  0:46  Refinery  
  16  0:51  SCV  
  17  1:03  SCV  
  18  1:15  SCV  
  19  1:28  Orbital Command  
  19  1:29  Reaper  
  20  1:45  Command Center  
  20  1:53  SCV  
  21  2:01  Supply Depot  
  21  2:05  SCV  
  22  2:09  Factory  
  22  2:17  SCV  
  22  2:22  Marine  
  24  2:29  SCV  
  25  2:41  SCV  
  26  2:58  Barracks Reactor  
  26  3:02  Factory Reactor  
  26  3:04  Barracks  
  26  3:05  Barracks  
  26  3:10  SCV  
  26  3:12  Orbital Command  
  27  3:13  Bunker  
  27  3:28  SCV  
  27  3:33  Refinery  
  28  3:37  Supply Depot  
  28  3:40  SCV, Marine x2  
  35  3:41  Hellion x2  
  34  3:53  SCV  
  35  4:00  Supply Depot  
  35  4:05  SCV  
  36  4:25  Marine x4  
  36  4:27  Hellion  
  36  4:28  Hellion  
  44  4:43  Marine  
  43  4:53  SCV  
  40  5:05  SCV  
  39  5:09  Marine x4  
  41  5:25  Supply Depot  
  41  5:26  Marine x2  
  41  5:27  Marine x2  
  43  5:40  Hellion x2  
  47  5:44  Marine x3  
  47  5:45  Marine  
  51  5:54  Factory, Barracks  
  51  6:00  Widow Mine x2  
  55  6:06  Barracks Reactor, Barracks Tech Lab  
  55  6:14  Marine x2  
  57  6:24  Bunker  
  57  6:28  Bunker  
  57  6:32  Marine x2  
  47  6:43  Supply Depot  
  47  6:45  Supply Depot  
  33  7:02  Marine x2  
  33  7:03  Marine x3  
  33  7:05  Hellion x2  
  41  7:11  SCV  
  40  7:19  Factory Tech Lab  
  40  7:20  Barracks Reactor, Marine  
  41  7:23  SCV  
  42  7:31  Starport  
  42  7:34  Marine x4  
  42  7:35  SCV  
  47  7:38  Marine  
  47  7:39  Siege Tank  
  47  7:41  Hellion x2  
  55  7:58  Marine  
  55  7:59  Marine x5  
  55  8:03  Orbital Command  
  61  8:10  Marauder  
  61  8:12  Supply Depot  
  59  8:21  Stimpack  
  59  8:23  Marine x2  
  61  8:27  Marine  
  62  8:39  Starport Tech Lab  
  62  8:40  Starport Reactor  
  62  9:05  Marine x3  
  62  9:06  Marine x3  
  68  9:23  Medivac x2  
  72  9:24  Marine x3  
  72  9:25  Marine x3  
  72  9:27  Command Center  
  78  9:33  Engineering Bay  
  77  9:41  Marauder  
  77  9:42  Siege Tank  
  82  9:46  SCV  
  82  9:47  SCV  
  84  9:59  SCV  
  85  10:02  Terran Infantry Weapons Level 1  
  85  10:06  Command Center  
  85  10:08  Marine  
  85  10:09  Armory  
  85  10:11  Engineering Bay  
  86  10:16  Marine x5  
  86  10:18  Supply Depot  
  86  10:20  Supply Depot  
  90  10:27  Combat Shields  
  90  10:34  Marine x3  
  94  10:35  SCV x2  
  95  10:45  Marine x3  
  95  10:46  Marine  
  95  10:47  SCV, Siege Tank  
  103  10:54  Orbital Command  
  105  11:04  Marauder  
  105  11:14  SCV x2  
  105  11:16  Marine x6  
  105  11:18  Medivac  
  117  11:25  Marauder  
  117  11:26  SCV  
  117  11:27  SCV  
  118  11:34  Marine x4  
  118  11:35  Siege Tank  
  118  11:36  Medivac  
  117  11:42  SCV x2  
  117  11:44  Orbital Command  
  117  11:45  SCV  
  111  11:48  Marine x3  
  114  11:59  Supply Depot  
  114  12:00  Marine x4  
  118  12:01  SCV  
  118  12:02  SCV, Supply Depot  
  118  12:07  Siege Tank  
  123  12:16  SCV x2  
  123  12:17  SCV x2  
  123  12:20  Marine x3  
  123  12:21  Marauder  
  132  12:28  SCV  
  132  12:29  SCV x2  
  135  12:42  SCV x3  
  135  12:43  Marauder  
  140  12:54  SCV x2  
  140  12:57  Marine  
  140  12:58  Marine x5  
  146  13:03  Marine  
  146  13:04  Refinery  
  149  13:05  Refinery  
  149  13:12  SCV x3  
  149  13:24  SCV x2  
  133  13:29  Terran Infantry Weapons Level 2  
  112  13:44  Orbital Command  
  112  13:49  Refinery  
  112  13:50  Refinery  
  112  13:57  SCV x2  
  114  14:09  SCV  
  116  14:10  SCV  
  64  14:35  Marine x4  
  64  14:36  Marauder  
  64  14:37  Medivac  
  69  14:38  Siege Tank  
  69  14:40  Marine x2  
  73  14:53  Marine  
  73  14:57  Marauder  
  62  15:04  Marine x3  
  62  15:05  Marine x2  
  63  15:17  Siege Tank  
  63  15:19  Marauder  
  68  15:32  SCV x2  
  70  15:40  Marauder  
  72  15:44  SCV  
  72  15:49  Siege Tank  
  76  15:53  Marine x3  
  76  15:54  Medivac, Marine  
  76  15:55  Medivac  
  86  16:15  Barracks Tech Lab  
  87  16:27  Barracks Tech Lab  
  87  16:31  Barracks  
  87  16:32  Barracks x2  
  80  16:35  Barracks Tech Lab  
  80  16:36  Barracks  
Show
View Real Time Build Order
Export as new Build Order

PGmester Zerg - Winner!

Build Orders: Hatch First, Zergling Baneling 

Get SALT Encoding   

  12  0:01  Drone  
  13  0:09  Drone  
  14  0:18  Overlord  
  14  0:37  Drone x3  
  17  0:55  Hatchery  
  17  0:57  Drone  
  17  1:02  Drone  
  17  1:03  Extractor  
  17  1:11  Drone  
  18  1:20  Spawning Pool  
  18  1:23  Drone  
  18  1:31  Drone  
  19  1:46  Drone  
  20  1:54  Evolution Chamber, Drone  
  20  2:08  Baneling Nest, Zergling x2  
  19  2:10  Queen  
  19  2:11  Queen  
  19  2:15  Zergling x2  
  25  2:18  Zergling x2  
  25  2:21  Zergling x2  
  27  2:27  Overlord  
  27  2:30  Zergling x2  
  28  3:08  Zergling x8  
  28  3:09  Zergling x4  
  34  3:14  Metabolic Boost  
  34  3:17  Lair  
  34  3:35  Drone x2  
  34  3:37  Overlord  
  36  3:42  Extractor  
  36  3:45  Overlord  
  35  3:49  Drone  
  36  3:59  Drone  
  36  4:00  Drone  
  36  4:02  Drone x4  
  42  4:11  Baneling  
  42  4:12  Baneling x5  
  42  4:13  Baneling  
  42  4:14  Baneling  
  42  4:15  Zergling x4  
  42  4:16  Zergling x4  
  41  4:40  Baneling x5  
  41  4:42  Zergling x6  
  41  4:43  Zergling x2  
  45  4:49  Zergling x4  
  38  5:15  Zergling x8  
  40  5:33  Zergling x14  
  40  5:34  Zergling x2  
  45  5:42  Drone x2  
  47  5:45  Zerg Ground Armor Level 1  
  47  5:55  Roach Warren  
  46  6:02  Infestation Pit  
  45  6:10  Baneling x6  
  45  6:11  Baneling  
  45  6:13  Baneling x2  
  45  6:14  Zergling x2  
  45  6:15  Hatchery, Zergling x6  
  45  6:18  Drone x3  
  51  6:36  Queen  
  38  7:17  Roach x6  
  38  7:21  Overlord x5  
  50  7:46  Extractor  
  50  7:50  Extractor  
  48  7:59  Drone  
  48  8:00  Drone x2  
  48  8:02  Drone x3  
  51  8:28  Zergling x8  
  55  8:43  Zergling x8  
  55  8:45  Drone x2  
  55  8:46  Drone x2  
  63  9:03  Hive  
  63  9:05  Zerg Ground Armor Level 2  
  63  9:12  Zergling x2  
  63  9:13  Zergling x2  
  63  9:14  Zergling x2  
  66  9:22  Hydralisk Den  
  65  9:29  Zergling x4  
  65  9:30  Zergling x4  
  63  9:46  Roach x2  
  63  9:47  Roach x3  
  73  10:02  Drone x2  
  73  10:03  Drone  
  73  10:04  Drone x5  
  73  10:05  Overlord x2  
  81  10:14  Extractor  
  80  10:28  Extractor  
  80  10:29  Drone x2  
  80  10:30  Drone  
  80  10:31  Drone x3  
  85  10:54  Hydralisk x3, Ultralisk Cavern  
  85  10:55  Hydralisk x6  
  102  11:07  Zergling x10  
  102  11:08  Hatchery  
  102  11:20  Overseer x2  
  102  11:21  Zerg Melee Weapons Level 1  
  99  11:53  Ultralisk x2  
  111  11:55  Overlord x3  
  111  11:56  Overlord x3  
  111  12:19  Hatchery  
  116  12:23  Ultralisk x4  
  134  12:31  Chitinous Plating  
  134  13:15  Zerg Ground Armor Level 3  
  134  13:16  Ultralisk  
  134  13:17  Ultralisk x2  
  95  13:36  Ultralisk, Zergling x2  
  95  13:37  Ultralisk  
  84  13:51  Ultralisk  
  86  13:56  Zergling x8  
  86  13:57  Zergling x4  
  86  14:01  Baneling x2  
  92  14:08  Hydralisk  
  92  14:09  Hydralisk x2  
  89  14:37  Hydralisk x7  
  101  15:27  Hydralisk x4  
  109  15:29  Ultralisk x3  
  127  15:47  Drone x2  
  127  15:48  Drone  
  130  15:51  Queen  
  132  16:10  Hatchery  
  131  16:18  Hydralisk x5  
Tags
 
Add a new tag
Caveats
  • Supply blocks, unpowered buildings, or Contaminate may cause inaccurate times.
  • Supply counts are checked every 10 seconds.